MLB
ST. LOUIS CARDINALS @ CHICAGO CUBS
06/08/2019
 
TOP OF THE 1ST
St. Louis Cardinals batting - Pitching for Chicago Cubs : RHP Adam Wainwright
Pitching: RHP Adam Wainwright
Batting: SHB Ozzie Albies 0-0: Fly out, F7 (Flyball, 7, EV 91.3 MPH)
Batting: RHB Hernan Perez 0-0: Ball
1-0: Ball
2-0: Ball
3-0: Called Strike
3-1: Reached on error, E5 (Groundball, 56S, EV 65.0 MPH)
Batting: RHB Jose Alberto Martinez 0-0: Called Strike
0-1: Ball
1-1: Fly out, F9 (Flyball, 9S, EV 94.4 MPH)
Batting: LHB Matt Olson 0-0: Ball
1-0: Foul Ball, location: 2F
1-1: Ball
2-1: Foul Ball, location: 2F
2-2: Ball
3-2: Foul Ball, location: 2F
3-2: Foul Ball, location: 2F
3-2: Fly out, F7 (Flyball, 7, EV 88.1 MPH)
Top of the 1st over - 0 runs, 0 hits, 1 error, 1 left on base; St. Louis 0 - Chicago 0
BOTTOM OF THE 1ST
Chicago Cubs batting - Pitching for St. Louis Cardinals : RHP Marcos Molina
Pitching: RHP Marcos Molina
Batting: RHB Michael A. Taylor 0-0: Ball
1-0: Foul Ball, location: 2F
1-1: Ball
2-1: Foul Ball, location: 2F
2-2: Foul Ball, location: 2F
2-2: Foul Ball, location: 2F
2-2: Foul Ball, location: 2F
2-2: Ground out 4-3 (Groundball, 4MS, EV 76.9 MPH)
Batting: RHB Stephen Piscotty 0-0: Called Strike
0-1: Called Strike
0-2: SINGLE (Line Drive, 4M, EV 101.9 MPH)
Batting: LHB Cody Bellinger 0-0: Called Strike
0-1: Ball
1-1: Foul Ball, location: 2F
1-2: Ball
2-2: Foul Ball, location: 2F
2-2: Fly out, F8 (Line Drive, 8RM, EV 88.1 MPH)
Batting: RHB Justin Upton 0-0: Called Strike
0-1: Swinging Strike
0-2: Foul Ball, location: 2F
0-2: Ball
1-2: Ball
2-2: Fly out, F8 (Line Drive, 8RD, EV 85.6 MPH)
Bottom of the 1st over - 0 runs, 1 hit, 0 errors, 1 left on base; St. Louis 0 - Chicago 0
TOP OF THE 2ND
St. Louis Cardinals batting - Pitching for Chicago Cubs : RHP Adam Wainwright
Batting: LHB Alex Avila 0-0: Foul Ball, location: 2F
0-1: Ball
1-1: Foul Ball, location: 2F
1-2: Strikes out swinging
Batting: LHB Brett Phillips 0-0: Ball
1-0: Foul Ball, location: 2F
1-1: Ball
2-1: Ball
3-1: Fly out, F8 (Flyball, 8LD, EV 93.8 MPH)
Batting: RHB Harrison Bader 0-0: Called Strike
0-1: Ball
1-1: Foul Ball, location: 2F
1-2: Strikes out looking
Top of the 2nd over - 0 runs, 0 hits, 0 errors, 0 left on base; St. Louis 0 - Chicago 0
BOTTOM OF THE 2ND
Chicago Cubs batting - Pitching for St. Louis Cardinals : RHP Marcos Molina
Batting: LHB Brandon Lowe 0-0: Ball
1-0: Called Strike
1-1: Ball
2-1: Fly out, F7 (Line Drive, 7, EV 101.9 MPH)
Batting: RHB Jedd Gyorko 0-0: Called Strike
0-1: Ball
1-1: Called Strike
1-2: Ball
2-2: Foul Ball, location: 2F
2-2: Ball
3-2: SINGLE (Line Drive, 89S, EV 88.1 MPH)
Batting: SHB Ehire Adrianza 0-0: Swinging Strike
0-1: Ground out 4-3 (Groundball, 4MS, EV 68.8 MPH)
Jedd Gyorko to second
Batting: LHB Jason Castro 0-0: DOUBLE (Line Drive, 7LS, EV 96.9 MPH)
Jedd Gyorko scores
Batting: RHB Adam Wainwright 0-0: Ball
1-0: Foul Ball, location: 2F
1-1: Ball
2-1: Ball
3-1: Base on Balls
Batting: RHB Michael A. Taylor 0-0: Ball
1-0: Foul Ball, location: 2F
1-1: Called Strike
1-2: Ball
2-2: Ball
3-2: SINGLE (Groundball, 56, EV 96.9 MPH) (infield hit)
Jason Castro to third
Adam Wainwright to second
Batting: RHB Stephen Piscotty 0-0: Fly out, F8 (Flyball, 8RD, EV 85.6 MPH)
Bottom of the 2nd over - 1 run, 3 hits, 0 errors, 3 left on base; St. Louis 0 - Chicago 1
TOP OF THE 3RD
St. Louis Cardinals batting - Pitching for Chicago Cubs : RHP Adam Wainwright
Batting: RHB Yan Gomes 0-0: Fly out, F4 (Popup, 34S, EV 76.3 MPH)
Batting: RHB Marcos Molina 0-0: Called Strike
0-1: Foul Ball, location: 2F
0-2: Fly out, F2 (Popup, 23F, EV 89.4 MPH)
Batting: SHB Ozzie Albies 0-0: Ball
1-0: Foul Ball, location: 2F
1-1: Foul Ball, location: 2F
1-2: Ball
2-2: SINGLE (Popup, 23, EV 89.4 MPH)
Batting: RHB Hernan Perez 0-0: Called Strike
0-1: Swinging Strike
0-2: Ball
1-2: SINGLE (Flyball, 7LM, EV 89.4 MPH)
Ozzie Albies to second
Batting: RHB Jose Alberto Martinez 0-0: Ball
1-0: Called Strike
1-1: Foul Ball, location: 2F
1-2: Foul Ball, location: 2F
1-2: Ball
2-2: Ball
3-2: SINGLE (Flyball, 89M, EV 96.3 MPH)
Ozzie Albies to third
Hernan Perez to second
Ozzie Albies scores
Hernan Perez to third
Batting: LHB Matt Olson 0-0: Called Strike
0-1: Ball
1-1: SINGLE (Flyball, 78S, EV 88.8 MPH)
Hernan Perez scores
Jose Alberto Martinez to second
Batting: LHB Alex Avila 0-0: Ball
1-0: Ball
2-0: Called Strike
2-1: 3-RUN HOME RUN (Flyball, 89XD, EV 88.8 MPH), Distance : 399 ft
Pitching: RHP Andy Beltre
Batting: LHB Brett Phillips 0-0: Ball
1-0: Swinging Strike
1-1: Swinging Strike
1-2: Ball
2-2: Foul Ball, location: 2F
2-2: Ball
3-2: Strikes out swinging
Top of the 3rd over - 5 runs, 5 hits, 0 errors, 0 left on base; St. Louis 5 - Chicago 1
BOTTOM OF THE 3RD
Chicago Cubs batting - Pitching for St. Louis Cardinals : RHP Marcos Molina
Batting: LHB Cody Bellinger 0-0: Ball
1-0: Foul Ball, location: 2F
1-1: Swinging Strike
1-2: Strikes out swinging
Batting: RHB Justin Upton 0-0: Ball
1-0: Ball
2-0: Called Strike
2-1: Fly out, F9 (Flyball, 89M, EV 86.9 MPH)
Batting: LHB Brandon Lowe 0-0: Foul Ball, location: 2F
0-1: Ball
1-1: Ball
2-1: Fly out, F4 (Line Drive, 4, EV 77.5 MPH)
Bottom of the 3rd over - 0 runs, 0 hits, 0 errors, 0 left on base; St. Louis 5 - Chicago 1
TOP OF THE 4TH
St. Louis Cardinals batting - Pitching for Chicago Cubs : RHP Andy Beltre
Batting: RHB Harrison Bader 0-0: Ball
1-0: Called Strike
1-1: Ground out 4-3 (Groundball, 4, EV 108.1 MPH)
Batting: RHB Yan Gomes 0-0: Ball
1-0: Ball
2-0: Called Strike
2-1: Foul Ball, location: 2F
2-2: Ball
3-2: Base on Balls
Batting: RHB Marcos Molina 0-0: Sac Bunt to 13S - play at first, batter OUT! 1-4
Yan Gomes to second
Batting: SHB Ozzie Albies 0-0: Ball
Wild Pitch!
Yan Gomes to third
1-0: Swinging Strike
1-1: Swinging Strike
1-2: Strikes out looking
Top of the 4th over - 0 runs, 0 hits, 0 errors, 1 left on base; St. Louis 5 - Chicago 1
BOTTOM OF THE 4TH
Chicago Cubs batting - Pitching for St. Louis Cardinals : RHP Marcos Molina
Batting: RHB Jedd Gyorko 0-0: Called Strike
0-1: Called Strike
0-2: Strikes out swinging
Batting: SHB Ehire Adrianza 0-0: Ball
1-0: Foul Ball, location: 2F
1-1: Called Strike
1-2: Fly out, F8 (Line Drive, 8LD, EV 90.0 MPH)
Batting: LHB Jason Castro 0-0: Called Strike
0-1: Hit by Pitch
Batting: RHB Andy Beltre 0-0: Ball
1-0: SINGLE (Flyball, 78M, EV 91.9 MPH)
Jason Castro to second
Pitching: RHP Cory Gearrin
Batting: RHB Michael A. Taylor 0-0: Swinging Strike
0-1: Swinging Strike
0-2: Ball
1-2: Strikes out looking
Bottom of the 4th over - 0 runs, 1 hit, 0 errors, 2 left on base; St. Louis 5 - Chicago 1
TOP OF THE 5TH
St. Louis Cardinals batting - Pitching for Chicago Cubs : RHP Andy Beltre
Batting: RHB Hernan Perez 0-0: Called Strike
0-1: Fly out, F3 (Popup, 3L, EV 78.8 MPH)
Batting: RHB Jose Alberto Martinez 0-0: Ball
1-0: Ball
2-0: Ball
3-0: Base on Balls
Batting: LHB Matt Olson 0-0: Ball
1-0: Ball
2-0: Called Strike
2-1: Ball
3-1: Base on Balls
Jose Alberto Martinez to second
Pitching: LHP Fernando Abad
Batting: LHB Alex Avila 0-0: Foul Ball, location: 2F
0-1: Ball
1-1: SINGLE (Groundball, 34D, EV 96.9 MPH)
Jose Alberto Martinez to third
Matt Olson to second
Batting: LHB Brett Phillips 0-0: Foul Ball, location: 2F
0-1: Ball
1-1: Ball
2-1: Ball
3-1: Foul Ball, location: 2F
3-2: Strikes out swinging
Batting: RHB Harrison Bader 0-0: Ball
Wild Pitch!
Jose Alberto Martinez scores
Matt Olson to third
Alex Avila to second
1-0: Foul Ball, location: 2F
1-1: Called Strike
1-2: Ball
2-2: Ball
3-2: Base on Balls
Batting: RHB Yan Gomes 0-0: Ball
1-0: Ball
2-0: Ball
3-0: Called Strike
3-1: Fielders Choice at 2nd, 5-4 (Groundball, 56, EV 89.4 MPH)
Top of the 5th over - 1 run, 1 hit, 0 errors, 3 left on base; St. Louis 6 - Chicago 1
BOTTOM OF THE 5TH
Chicago Cubs batting - Pitching for St. Louis Cardinals : RHP Cory Gearrin
Batting: RHB Stephen Piscotty 0-0: Ball
1-0: Swinging Strike
1-1: Ball
2-1: Ground out 5-3 (Groundball, 56, EV 84.4 MPH)
Batting: LHB Cody Bellinger 0-0: Called Strike
0-1: Fly out, F8 (Line Drive, 8LM, EV 107.5 MPH)
Batting: RHB Justin Upton 0-0: Ball
1-0: Called Strike
1-1: Foul Ball, location: 2F
1-2: Ball
2-2: Ball
3-2: Strikes out swinging
Bottom of the 5th over - 0 runs, 0 hits, 0 errors, 0 left on base; St. Louis 6 - Chicago 1
TOP OF THE 6TH
St. Louis Cardinals batting - Pitching for Chicago Cubs : LHP Fernando Abad
Pinch Hitting: LHB Austin Meadows 0-0: Ball
1-0: Ground out 4-3 (Groundball, 4, EV 100.0 MPH)
Pitching: RHP Zach McAllister
Batting: SHB Ozzie Albies 0-0: Ball
1-0: Ball
2-0: Foul Ball, location: 2F
2-1: Ball
3-1: DOUBLE (Line Drive, 89D, EV 105.0 MPH)
Batting: RHB Hernan Perez 0-0: Ball
1-0: Foul Ball, location: 2F
1-1: SINGLE (Line Drive, 6D, EV 97.5 MPH)
Ozzie Albies to third
Batting: RHB Jose Alberto Martinez 0-0: Called Strike
0-1: Swinging Strike
0-2: Strikes out looking
Batting: LHB Matt Olson 0-0: Called Strike
0-1: Foul Ball, location: 2F
0-2: Ball
1-2: Strikes out swinging
Top of the 6th over - 0 runs, 2 hits, 0 errors, 2 left on base; St. Louis 6 - Chicago 1
BOTTOM OF THE 6TH
Chicago Cubs batting - Pitching for St. Louis Cardinals : RHP Cory Gearrin
Pitching: RHP Marcos Diplan
Batting: LHB Brandon Lowe 0-0: Foul Ball, location: 2F
0-1: Swinging Strike
0-2: Strikes out swinging
Batting: RHB Jedd Gyorko 0-0: Ball
1-0: Ground out 6-3 (Groundball, 6, EV 77.5 MPH)
Batting: SHB Ehire Adrianza 0-0: Swinging Strike
0-1: Ball
1-1: Ball
2-1: Called Strike
2-2: Strikes out looking
Bottom of the 6th over - 0 runs, 0 hits, 0 errors, 0 left on base; St. Louis 6 - Chicago 1
TOP OF THE 7TH
St. Louis Cardinals batting - Pitching for Chicago Cubs : RHP Zach McAllister
Batting: LHB Alex Avila 0-0: Called Strike
0-1: Foul Ball, location: 2F
0-2: Ball
1-2: Strikes out looking
Pitching: RHP Giovanny Gallegos
Batting: LHB Brett Phillips 0-0: SINGLE (Groundball, 6MD, EV 95.0 MPH)
Batting: RHB Harrison Bader 0-0: Ball
Brett Phillips steals 2nd base
1-0: Ball
2-0: Called Strike
2-1: Ball
3-1: Foul Ball, location: 2F
3-2: Hit by Pitch
Batting: RHB Yan Gomes 0-0: Ball
1-0: Foul Ball, location: 2F
1-1: Fly out, F9 (Flyball, 9LSF, EV 81.9 MPH)
Pinch Hitting: RHB Taylor Ward 0-0: Called Strike
0-1: Ball
1-1: Swinging Strike
1-2: Fielders Choice at 2nd, 6-4 (Groundball, 6, EV 84.4 MPH)
Top of the 7th over - 0 runs, 1 hit, 0 errors, 2 left on base; St. Louis 6 - Chicago 1
BOTTOM OF THE 7TH
Chicago Cubs batting - Pitching for St. Louis Cardinals : RHP Marcos Diplan
Pitching: RHP Erick Fedde
Batting: LHB Jason Castro 0-0: Called Strike
0-1: Swinging Strike
0-2: Strikes out swinging
Pinch Hitting: RHB Paul DeJong 0-0: Swinging Strike
0-1: Ball
1-1: Foul Ball, location: 2F
1-2: Strikes out swinging
Batting: RHB Michael A. Taylor 0-0: Ball
1-0: Ball
2-0: Called Strike
2-1: Ground out 4-3 (Groundball, 4, EV 81.3 MPH)
Bottom of the 7th over - 0 runs, 0 hits, 0 errors, 0 left on base; St. Louis 6 - Chicago 1
TOP OF THE 8TH
St. Louis Cardinals batting - Pitching for Chicago Cubs : RHP Giovanny Gallegos
Pitching: RHP Nick Burdi
Batting: SHB Ozzie Albies 0-0: Ball
1-0: Ball
2-0: Ball
3-0: Called Strike
3-1: Called Strike
3-2: Base on Balls
Batting: RHB Hernan Perez 0-0: Ball
1-0: Fielders Choice at 2nd, 6-4 (Groundball, 56, EV 78.1 MPH)
Batting: RHB Jose Alberto Martinez 0-0: Called Strike
0-1: Ball
1-1: Ball
2-1: Swinging Strike
2-2: Ball
3-2: Foul Ball, location: 2F
3-2: Foul Ball, location: 2F
3-2: Foul Ball, location: 2F
3-2: Foul Ball, location: 2F
3-2: Foul Ball, location: 2F
3-2: Base on Balls
Hernan Perez to second
Batting: LHB Matt Olson 0-0: Called Strike
0-1: Hit by Pitch
Hernan Perez to third
Jose Alberto Martinez to second
Batting: LHB Alex Avila 0-0: Ball
1-0: Ball
2-0: Called Strike
2-1: Foul Ball, location: 2F
2-2: Foul Ball, location: 2F
2-2: Strikes out looking
Pitching: RHP Dan Otero
Batting: LHB Brett Phillips 0-0: Ball
1-0: DOUBLE (Line Drive, 7LM, EV 109.4 MPH)
Hernan Perez scores
Jose Alberto Martinez scores
Matt Olson to third
Batting: RHB Harrison Bader 0-0: Ground out U3 (Groundball, 3S, EV 88.1 MPH)
Top of the 8th over - 2 runs, 1 hit, 0 errors, 2 left on base; St. Louis 8 - Chicago 1
BOTTOM OF THE 8TH
Chicago Cubs batting - Pitching for St. Louis Cardinals : RHP Erick Fedde
Batting: RHB Stephen Piscotty 0-0: Swinging Strike
0-1: Foul Ball, location: 2F
0-2: Ball
1-2: Fly out, F7 (Flyball, 7S, EV 86.3 MPH)
Batting: LHB Cody Bellinger 0-0: Called Strike
0-1: Fly out, F6 (Popup, 15S, EV 91.3 MPH)
Batting: RHB Justin Upton 0-0: Ball
1-0: Foul Ball, location: 2F
1-1: Fly out, F8 (Flyball, 78D, EV 102.5 MPH)
Bottom of the 8th over - 0 runs, 0 hits, 0 errors, 0 left on base; St. Louis 8 - Chicago 1
TOP OF THE 9TH
St. Louis Cardinals batting - Pitching for Chicago Cubs : RHP Dan Otero
Batting: RHB Yan Gomes 0-0: Ball
1-0: Swinging Strike
1-1: Ball
2-1: Called Strike
2-2: Ground out 6-3 (Groundball, 6, EV 83.8 MPH)
Batting: RHB Erick Fedde 0-0: Called Strike
0-1: Ball
1-1: Called Strike
1-2: Foul Ball, location: 2F
1-2: Strikes out swinging
Batting: SHB Ozzie Albies 0-0: Ball
1-0: Ball
2-0: Foul Ball, location: 2F
2-1: Swinging Strike
2-2: Foul Ball, location: 2F
2-2: Ground out U3 (Groundball, 34S, EV 83.1 MPH)
Top of the 9th over - 0 runs, 0 hits, 0 errors, 0 left on base; St. Louis 8 - Chicago 1
BOTTOM OF THE 9TH
Chicago Cubs batting - Pitching for St. Louis Cardinals : RHP Erick Fedde
Batting: LHB Brandon Lowe 0-0: Ball
1-0: Ball
2-0: SINGLE (Groundball, 34D, EV 95.0 MPH)
Batting: RHB Jedd Gyorko 0-0: Ball
1-0: Foul Ball, location: 2F
1-1: Ball
2-1: Swinging Strike
2-2: Strikes out looking
Batting: SHB Ehire Adrianza 0-0: Called Strike
0-1: Ball
1-1: Foul Ball, location: 2F
1-2: SINGLE (Groundball, 6D, EV 98.8 MPH)
Brandon Lowe to second
Batting: LHB Jason Castro 0-0: Ball
1-0: SINGLE (Groundball, 3D, EV 101.9 MPH)
Brandon Lowe to third
Ehire Adrianza to second
Pinch Hitting: RHB Willson Contreras 0-0: Called Strike
0-1: Ball
1-1: Ball
2-1: Called Strike
2-2: Ball
3-2: Base on Balls
Brandon Lowe scores
Ehire Adrianza to third
Jason Castro to second
Pitching: RHP Zack Littell
Batting: RHB Michael A. Taylor 0-0: Ball
1-0: Grounds into double play, 6-4-3 (Groundball, 6, EV 83.1 MPH)
Bottom of the 9th over - 1 run, 3 hits, 0 errors, 2 left on base; St. Louis 8 - Chicago 2
Tuesday, September 10th, 2019 - OOTP Baseball 20.6 Build 54